 Dungeon Sprint DCSS version 0.29.1-2-gbd0b4ee654 (webtiles) character file.

Game seed: 14745802206894798768

71 Zeld the Conjurer (level 4, 0/24 HPs)
             Began as a Deep Elf Conjurer on Nov 4, 2022.
             Was an Initiate of Sif Muna.
             Killed from afar by an oklob sapling priest (24 damage)
             ... with a splash of acid
             ... in the Dungeon (Sprint IV: "Fedhas' Mad Dash").
             The game lasted 00:00:45 (1217 turns).

Zeld the Conjurer (Deep Elf Conjurer)               Turns: 1217, Time: 00:00:46

Health: 0/24       AC:  2    Str:  4    XL:     4   Next: 5%
Magic:  14/14      EV: 13    Int: 25    God:    Sif Muna [......]
Gold:   42         SH:  0    Dex: 13    Spells: 13/16 levels left

rFire   . . .      SeeInvis .   (no weapon)
rCold   . . .      Faith    .   (no shield)
rNeg    . . .      Spirit   .   a - +0 robe
rPois   .          Reflect  .   (no helmet)
rElec   .          Harm     .   (no cloak)
rCorr   .          Rampage  .   (no gloves)
Will    .....      NoTele   +   (no boots)
Stlth   +++.......              d - amulet of invisibility {+Inv}
HPRegen 0.08/turn               (no ring)
MPRegen 0.14/turn               (no ring)

@: very slightly contaminated
A: no striking features
a: Renounce Religion, Evoke Invisibility


You were in the Dungeon.
You worshipped Sif Muna.
Sif Muna was noncommittal.
You visited 1 branch You collected 42 gold pieces.

Inventory:

Armour
 a - a +0 robe (worn)
Jewellery
 d - the amulet of invisibility (around neck) {+Inv}
   (You found it in the Dungeon)

   [amulet of nothing]

   +Inv:      It lets you turn invisible.
Potions
 b - 2 potions of magic
 c - a potion of curing
 e - a potion of haste
 f - a potion of berserk rage


   Skills:
 + Level 4.4 Dodging
 + Level 4.8 Stealth
 * Level 6.6 Spellcasting
 * Level 6.7 Conjurations


You had 13 spell levels left.
You knew the following spells:

 Your Spells              Type           Power      Damage    Failure   Level
a - Magic Dart            Conj           100%       1d8       1%          1
b - Searing Ray           Conj           82%        2d7       1%          2

Your spell library contained the following spells:

 Spells                   Type           Power      Damage    Failure   Level
 Dazzling Flash           Conj/Hex       50%        N/A       5%          3
 Fulminant Prism          Conj/Hex       12%        3d9       17%         4
 Iskenderun's Mystic Bla  Conj/Tloc      25%        2d7       17%         4


Dungeon Overview and Level Annotations

Branches:
Dungeon (1/1)

Altars:
Cheibriados
Dithmenos
Elyvilon
Gozag
Hepliaklqana
Kikubaaqudgha
Makhleb
Nemelex Xobeh
Okawaru
Qazlal
Ru
Sif Muna
Trog
Uskayaw
Vehumet
Wu Jian
Xom
Yredelemnul
Zin
The Shining One
Jiyva
Lugonu

Annotations:
D exclusion: 2 oklob saplings


Message History

You start putting on your amulet.
You continue putting on the amulet of invisibility {+Inv}. x5
You finish putting on the amulet of invisibility {+Inv}.
d - the amulet of invisibility (around neck) {+Inv} You start waiting.
Done waiting.
You start waiting.
You now have 42 gold pieces (gained 3).
You open the door.
An oklob sapling comes into view.
Marking area around an oklob sapling as unsafe for travelling.
Found 9 gold pieces.
You close the door.
You fail to use your ability.
You fail to use your ability.
You fail to use your ability.
You fade into invisibility!
You are very lightly contaminated with residual magic.
You are already invisible!
You open the door.
Found ten altars.
Unknown command.
An oklob sapling priest comes into view.
Found three altars.
Marking area around an oklob sapling priest as unsafe for travelling.
There is an open door here.
Found three altars.
Found two altars.
Found three altars.
There is a sacrificial altar of Ru here.
Found a radiant altar of Vehumet and a corrupted altar of Lugonu.
You flicker for a moment.
There is a shimmering blue altar of Sif Muna here.
You kneel at the altar of Sif Muna.
Sif Muna welcomes you!
You flicker back into view.
The oklob sapling priest spits acid at you.
The splash of acid hits you!!
Ouch! That really hurt!
You die...

############################
..P#.....#.$...#.⌠._._._._.⌠
P..†.....'.#[..'.._._._._._.
PPP#.....# #...#@.._._P_._..
########## ##+##.._._._._._.
...#._._._._._.⌠
#$P$############# #####


You could see an oklob sapling priest.

Vanquished Creatures
  A scorpion (D)
  A river rat (D)
  A rat (D)
3 creatures vanquished.

Notes
Turn   | Place    | Note
-------+----------+-------------------------------------------
     0 | D        | Zeld the Deep Elf Conjurer began the quest for the Orb.
     0 | D        | Reached XP level 1. HP: 10/10 MP: 6/6
   145 | D        | Reached skill level 5 in Conjurations
   145 | D        | Reached XP level 2. HP: 9/15 MP: 5/9
   297 | D        | Learned a level 2 spell: Searing Ray
   301 | D        | Noticed a scorpion
   301 | D        | Found the amulet of invisibility {+Inv}
   307 | D        | Killed a scorpion
   308 | D        | Reached XP level 3. HP: 10/19 MP: 1/13
   308 | D        | Reached XP level 4. HP: 13/24 MP: 1/14
  1206 | D        | Found an opulent altar of Gozag.
  1206 | D        | Found a hazy altar of Hepliaklqana.
  1206 | D        | Found a burning altar of Makhleb.
  1206 | D        | Found a sparkling altar of Nemelex Xobeh.
  1206 | D        | Found a snail-covered altar of Cheibriados.
  1206 | D        | Found a sacrificial altar of Ru.
  1206 | D        | Found a shimmering blue altar of Sif Muna.
  1206 | D        | Found a shimmering altar of Xom.
  1206 | D        | Found a basalt altar of Yredelemnul.
  1207 | D        | Found a viscous altar of Jiyva.
  1207 | D        | Found a bloodstained altar of Trog.
  1207 | D        | Found an ornate altar of the Wu Jian Council.
  1208 | D        | Found an iron altar of Okawaru.
  1208 | D        | Found a shadowy altar of Dithmenos.
  1208 | D        | Found a glowing silver altar of Zin.
  1209 | D        | Found a hide-covered altar of Uskayaw.
  1209 | D        | Found an ancient bone altar of Kikubaaqudgha.
  1210 | D        | Found a glowing golden altar of the Shining One.
  1210 | D        | Found a stormy altar of Qazlal.
  1210 | D        | Found a white marble altar of Elyvilon.
  1211 | D        | Found a radiant altar of Vehumet.
  1211 | D        | Found a corrupted altar of Lugonu.
  1213 | D        | Became a worshipper of Sif Muna the Loreminder
  1217 | D        | Killed from afar by an oklob sapling priest

Illustrated notes

Levels and vault maps discovered:
D:        dungeon_sprint_fedhas [sprint_temple]

Skill      XL: |  1  2 |
---------------+-------+-----
Dodging        | 3 4 |  4.4
Stealth        | 3 4 |  4.8
Spellcasting   | 4 6 |  6.6
Conjurations   | 5 6 |  6.7

Action                   |  1- 3 |  4- 6 || total
-------------------------+-------+-------++-------
 Cast: Magic Dart        |    13 |       ||    13
       Searing Ray       |     2 |       ||     2
 Abil: Evoke Invisibilit |       |     1 ||     1
  Use: Potion            |     2 |       ||     2
       Scroll            |     1 |       ||     1
Dodge: Dodged            |    10 |       ||    10
